 Dungeon Crawl Stone Soup version 0.24.0-1-gfbc8707 (webtiles) character file.

Game seed: 10292205545133410070, levelgen mode: deterministic

184 pkoi the Ruffian (level 5, -7/45 HPs)
             Began as a Minotaur Monk on Oct 28, 2019.
             Mangled by a killer bee (9 damage)
             ... on level 7 of the Dungeon.
             The game lasted 00:04:28 (3075 turns).

pkoi the Ruffian (Minotaur Monk)                    Turns: 3075, Time: 00:04:30

Health: -7/45      AC:  3    Str: 17    XL:     5   Next: 36%
Magic:  4/4        EV: 13    Int:  7    God:
Gold:   62         SH:  0    Dex: 12    Spells: 4/4 levels left

rFire    . . .     SeeInvis .     - Unarmed
rCold    . . .     Gourm    .   (no shield)
rNeg     . . .     Faith    .   a - +1 robe
rPois    +         Spirit   .   (helmet restricted)
rElec    .         Reflect  .   (no cloak)
rCorr    +         Harm     .   (no gloves)
MR       .....                  (no boots)
Stlth    ++........             (no amulet)
HPRegen  0.15/turn              k - ring of poison resistance
MPRegen  0.09/turn              t - ring of resist corrosion

@: lethally poisoned (-7 -> -14), marked
A: retaliatory headbutt, horns 2
a: no special abilities


You were on level 7 of the Dungeon.
You were hungry.

You visited 1 branch of the dungeon, and saw 5 of its levels.

You collected 62 gold pieces.

Inventory:

Missiles
 y - 29 stones (quivered)
Armour
 a - a +1 robe (worn)
 l - a +1 pair of gloves
Jewellery
 k - a ring of poison resistance (left hand)
 t - a ring of resist corrosion (right hand)
Wands
 f - a wand of polymorph (13)
Scrolls
 d - 3 scrolls of remove curse
 h - 3 scrolls of identify
 o - 2 scrolls of enchant armour
 p - 3 scrolls of teleportation {unknown}
 r - a scroll of fear {unknown}
 u - a scroll of amnesia {unknown}
 v - 3 scrolls of enchant weapon {unknown}
 x - a scroll of magic mapping {unknown}
Potions
 c - 3 potions of heal wounds {unknown}
 e - a potion of flight {unknown}
 g - a potion of curing {unknown}
 m - 2 potions of might {unknown}
 n - a potion of agility {unknown}
 q - a potion of haste {unknown}
 s - a potion of ambrosia {unknown}
 w - a potion of berserk rage {unknown}
Comestibles
 b - 7 rations


   Skills:
 - Level 3.6 Fighting
 - Level 3.2 Dodging
 - Level 1.5 Stealth
 + Level 6.7 Unarmed Combat


You had 4 spell levels left.
You didn't know any spells.
Your spell library was empty.

Dungeon Overview and Level Annotations

Branches:
Dungeon (3/15)

Altars:
Gozag
Trog

Annotations:
D:3 Grinder


Innate Abilities, Weirdness & Mutations

You reflexively headbutt those who attack you in melee.
You have a pair of horns on your head.


Message History

You headbutt the killer bee. The killer bee stings you.
* * * LOW HITPOINT WARNING * * *
The hound closely misses you. The killer bee stings you.
* * * LOW HITPOINT WARNING * * *
As you read the scroll labeled QEIPTA DOLOEH, it crumbles to dust.
The scroll dissolves into smoke.
It was a scroll of fog.
The killer bee closely misses you. The killer bee misses you. x2
You furiously retaliate!
You headbutt the killer bee. The hound barely misses you.
The killer bee misses you. You furiously retaliate!
You headbutt the killer bee! The killer bee barely misses you.
The killer bee completely misses you.
As you read the scroll labeled LIFUTT RORPH, it crumbles to dust.
It is a scroll of enchant armour.
Your +0 robe glows green for a moment.
The killer bee stings you!
* * * LOW HITPOINT WARNING * * *
You are lethally poisoned!
The killer bee poisons you! The hound bites you.
* * * LOW HITPOINT WARNING * * *
The killer bee stings you!
You die...

#........# #........# #####
#..".....# .....# #........#
#...## #........#
#....########## #........#
#......#..§)§.# #........#
#....#...yhy§.# #........#
#.....##..y@§.## #........#
#........lyy§..####..######
#.........####.......#######
.....#...... #..>...........
.....##....#..
#......#....... .####
#....##..#......###..#..
#....# l...##...###.###.
....## ..#####..##...##. ...
####.$..._.##.


You could see an iguana, a hound and 5 killer bees.

Vanquished Creatures
  A bullfrog (D:7)
  An orc wizard (D:3)
  3 adders
  An ooze (D:3)
  4 worms
  3 leopard geckos
  3 orcs
  5 bats
  4 giant cockroaches
  6 goblins
  2 hobgoblins
  2 jackals (D:3)
  3 ball pythons
  2 frilled lizards
  A kobold (D:3)
  7 rats
48 creatures vanquished.

Vanquished Creatures (others)
  4 toadstools (D:1)
4 creatures vanquished.

Grand Total: 52 creatures vanquished

Notes
Turn   | Place    | Note
-------+----------+-------------------------------------------
     0 | D:1      | pkoi the Minotaur Monk began the quest for the Orb.
     0 | D:1      | Reached XP level 1. HP: 19/19 MP: 0/0
   482 | D:1      | Reached skill level 4 in Unarmed Combat
   482 | D:1      | Reached XP level 2. HP: 26/26 MP: 1/1
   937 | D:2      | Reached XP level 3. HP: 31/31 MP: 2/2
  1564 | D:3      | Reached skill level 5 in Unarmed Combat
  1924 | D:3      | Reached XP level 4. HP: 34/39 MP: 3/3
  2271 | D:3      | Reached skill level 6 in Unarmed Combat
  2583 | D:3      | Found an opulent altar of Gozag.
  2658 | D:3      | Noticed Grinder
  2658 | D:3      | You fall into a shaft and drop 1 floor!
  2687 | D:4      | You fall into a shaft and drop 3 floors!
  2687 | D:7      | Found a bloodstained altar of Trog.
  2708 | D:7      | Noticed a bullfrog
  2729 | D:7      | Killed a bullfrog
  2729 | D:7      | Reached XP level 5. HP: 2/45 MP: 4/4
  3075 | D:7      | HP: 2/45 [hound (4)]
  3075 | D:7      | Mangled by a killer bee

Levels and vault maps discovered:
D:1:      ldierk_water_garden, layout_basic
D:2:      layout_loops_ring, grunt_decor_resistance, minmay_pentomino_q2
D:3:      layout_loops_ring, lemuel_coloured_pillars_altar,
          supply_closet_lemuel, uniq_grinder
D:4:      layout_loops_cross, tgw_trog
D:7:      layout_rooms, minmay_temple_entry_proselytizer,
          gammafunk_ghost_cemetery, minmay_door_square, grunt_livestock,
          trog_three_pillars_becter

Skill      XL: |  1  2  3  4 |
---------------+-------------+-----
Unarmed Combat | 4 5 6 |  6.7
Fighting       | |  3.6
Dodging        | |  3.2
Stealth        | |  1.5

Action                   |  1- 3 |  4- 6 || total
-------------------------+-------+-------++-------
Melee: Unarmed           |    78 |    52 ||   130
       Headbutt          |    16 |     8 ||    24
       Punch             |     1 |     3 ||     4
Throw: Stone             |       |     2 ||     2
  Use: Scroll            |       |     5 ||     5
 Stab: Sleeping          |     4 |     1 ||     5
  Eat: Chunk             |     3 |     3 ||     6
Armor: Robe              |    11 |     3 ||    14
Dodge: Dodged            |    43 |    27 ||    70
